 Dungeon Crawl Stone Soup version 0.30.1-11-g7821555f0a (webtiles) character file.

Game seed: 12176473062823622925

313709 Kallu the Lord of Darkness (level 20, -10/155 HPs)
             Began as a Purple Draconian Air Elementalist on Jan 8, 2024.
             Was the Champion of Kikubaaqudgha.
             Killed from afar by an air elemental (18 damage)
             ... with a stunning burst
             ... summoned by Sojobo
             ... while paralysed by an air elemental
             ... on level 4 of the Vaults on Jan 9, 2024.
             The game lasted 02:56:14 (53256 turns).

Kallu the Lord of Darkness (DrAE)                  Turns: 53256, Time: 02:56:17

Health: -10/155    AC: 23    Str: 17    XL:     20   Next: 47%
Magic:  4/40       EV:  2    Int: 28    God:    Kikubaaqudgha [******]
Gold:   5348       SH:  0    Dex: 11    Spells: 7/51 levels left

rFire   + . .        a - +10 bardiche "Baxaload" {elec, Int+3 SInv}
rCold   . . .        (shield currently unavailable)
rNeg    . . .        (body armour unavailable)
rPois   +            H - +3 hat of Subjectivity {Slay+3}
rElec   .            l - +2 cloak {rCorr}
rCorr   +            Z - +3 pair of gauntlets of War {Slay+5}
SInv    +            Q - +2 pair of boots
Will    ++...        F - amulet of magic regeneration
Stlth   ++           q - ring "Nirohuim" {Fly rPois Will- Str+6 Slay+5}
HPRegen 0.45/turn    D - ring of protection from fire
MPRegen 0.67/turn

%: no passive effects
@: paralysed, about to teleport, flying, hasted
A: breathe power, AC +10, unfitting armour, cold-blooded
}: 2/15 runes: decaying, gossamer
a: Breathe Dispelling Energy, Renounce Religion, Unearth Wretches, Torment


You were on level 4 of the Vaults.
You worshipped Kikubaaqudgha.
Kikubaaqudgha was exalted by your worship.
You visited 8 branches of the dungeon, and saw 36 of its levels.
You also visited: Gauntlet and Ice Cave.

You collected 5710 gold pieces.
You spent 362 gold pieces at shops.

Inventory:

Hand Weapons
 a - the +10 bardiche "Baxaload" (weapon) {elec, Int+3 SInv}
   (You found it on level 5 of the Lair of Beasts)

   Int:       It affects your intelligence (+3).
   SInv:      It lets you see invisible.
 C - the +8 dire flail of the Gibberer {freeze, Will+++ MP+9 Str-4 Int+3}
   (You found it on level 3 of the Spider Nest)

   Str:       It affects your strength (-4).
   Int:       It affects your intelligence (+3).
   MP:        It affects your magic capacity (+9).
   Will:      It greatly increases your willpower.
Missiles
 U - 2 throwing nets
Armour
 l - a +2 cloak of preservation (worn)
 H - the +3 hat of Subjectivity (worn) {Slay+3}
   (You found it on level 1 of the Orcish Mines)

   Slay:      It affects your accuracy & damage with ranged weapons and melee
   (+3).
 Q - a +2 pair of boots (worn)
 Z - the +3 pair of gauntlets of War (worn) {Slay+5}
   (You found it in a Gauntlet)

   Slay:      It affects your accuracy & damage with ranged weapons and melee
   (+5).
Magical Staves
 b - the staff of poison "Qeishoir" {rElec rPois rC+ rN++ rCorr Str-5 Int-5}
   (You found it in a Gauntlet)

   [staff of poison]

   Base accuracy: +5 Base damage: 5 Base attack delay: 1.2 This weapon's minimum
   attack delay (0.6) is reached at skill level 12.
   Str:       It affects your strength (-5).
   Int:       It affects your intelligence (-5).
   rC:        It protects you from cold.
   rElec:     It insulates you from electricity.
   rPois:     It protects you from poison.
   rN:        It greatly protects you from negative energy.
   rCorr:     It protects you from acid and corrosion.
   It falls into the 'Staves' category.
   It is a one-handed weapon.
Jewellery
 q - the ring "Nirohuim" (left hand) {Fly rPois Will- Str+6 Slay+5}
   (You took it off a minotaur in a Gauntlet)

   [ring of flight]

   Str:       It affects your strength (+6).
   Slay:      It affects your accuracy & damage with ranged weapons and melee
   (+5).
   rPois:     It protects you from poison.
   Fly:       It grants you flight.
   Will:      It decreases your willpower.
 r - a ring of protection from cold
 D - a ring of protection from fire (right hand)
 F - an amulet of magic regeneration (around neck)
 L - an amulet of regeneration
 N - the ring of Megalomania {rCorr Str+6 Slay+2}
   (You found it on level 1 of the Vaults)

   [ring of resist corrosion]

   Str:       It affects your strength (+6).
   Slay:      It affects your accuracy & damage with ranged weapons and melee
   (+2).
   rCorr:     It protects you from acid and corrosion.
 S - a ring of see invisible
Wands
 s - a wand of flame (53)
 w - a wand of paralysis (44)
 E - a wand of polymorph (15)
 I - a wand of iceblast (15)
 K - a wand of quicksilver (14)
 M - a wand of mindburst (61)
 W - a wand of digging (8)
Scrolls
 c - 5 scrolls of immolation
 d - 2 scrolls of magic mapping
 j - 6 scrolls of vulnerability
 n - 7 scrolls of teleportation
 v - 2 scrolls of enchant armour
 y - 4 scrolls of amnesia
 A - 7 scrolls of poison
 G - a scroll of torment
 O - 6 scrolls of fog
 R - 3 scrolls of silence
 T - 3 scrolls of fear
 Y - 2 scrolls of butterflies
Potions
 e - 7 potions of brilliance
 f - 4 potions of cancellation
 g - 2 potions of magic
 i - 9 potions of haste
 k - 11 potions of attraction
 m - 21 potions of curing
 o - 6 potions of mutation
 t - 5 potions of might
 u - 4 potions of ambrosia
 x - 8 potions of lignification
 z - 3 potions of resistance
 B - 8 potions of heal wounds
 P - 5 potions of flight
 V - 2 potions of invisibility
Miscellaneous
 h - a phantom mirror
 p - a condenser vane
 X - a lightning rod (4/4)


   Skills:
 - Level 8.0 Fighting
 - Level 11.1(11.3) Polearms
 - Level 3.3(7.9) Staves
 + Level 11.8 Dodging
 - Level 1.7 Stealth
 - Level 16.0 Spellcasting
 - Level 2.0 Conjurations
 - Level 10.0 Summonings
 + Level 25.4 Necromancy
 - Level 10.3 Air Magic
 - Level 7.0 Earth Magic
 - Level 4.0 Evocations


You had 7 spell levels left.
You knew the following spells:

 Your Spells              Type           Power      Damage    Failure   Level
a - Shock                 Conj/Air       100%       1d9       1%          1
b - Borgnjor's Vile Clut  Necr/Erth      42%        N/A       1%          5
c - Airstrike             Air            34%        2d(5-21)  1%          4
d - Vampiric Draining     Necr           100%       2d13      0%          3
e - Sublimation of Blood  Necr           100%       N/A       0%          2
f - Haunt                 Necr/Summ      44%        N/A       1%          7
g - Infestation           Necr           52%        N/A       1%          8
A - Swiftness             Air            69%        N/A       1%          3
B - Passwall              Tmut/Erth      35%        N/A       1%          2
C - Death's Door          Necr           52%        N/A       6%          9

Your spell library contained the following spells:

 Spells                   Type           Power      Damage    Failure   Level
 Kiss of Death            Conj/Necr      100%       2d13      0%          1
 Necrotise                Necr           100%       1d9       0%          1
 Animate Dead             Necr           100%       N/A       0%          4
 Agony                    Necr           100%       N/A       0%          5
 Death Channel            Necr           52%        N/A       0%          6
 Foxfire                  Conj/Fire      100%       2x1d9     1%          1
 Magic Dart               Conj           100%       1d8       1%          1
 Sandblast                Erth           100%       2d20      1%          1
 Summon Small Mammal      Summ           100%       N/A       1%          1
 Call Imp                 Summ           100%       N/A       1%          2
 Cigotuvi's Dreadful Rot  Necr/Pois/Air  100%       N/A       1%          2
 Poisonous Vapours        Pois/Air       100%       N/A       1%          2
 Static Discharge         Conj/Air       100%       2-7/arc   1%          2
 Call Canine Familiar     Summ           68%        N/A       1%          3
 Mephitic Cloud           Conj/Pois/Air  45%        N/A       1%          3
 Stone Arrow              Conj/Erth      94%        3d12      1%          3
 Summon Guardian Golem    Hex/Summ       50%        N/A       1%          3
 Anguish                  Hex/Necr       38%        N/A       1%          4
 Simulacrum               Ice/Necr       38%        N/A       1%          6
 Beastly Appendage        Tmut           44%        N/A       2%          1
 Sting                    Tmut/Pois      88%        1d7       2%          1
 Ensorcelled Hibernation  Hex/Ice        44%        N/A       3%          2
 Scorch                   Fire           44%        2d7       3%          2
 Wereblood                Tmut           22%        N/A       3%          2
 Hailstorm                Conj/Ice       28%        3d8       4%          3
 Summon Cactus Giant      Summ           34%        N/A       5%          6
 Ignite Poison            Fire/Tmut/Pois 22%        N/A       6%          3
 Portal Projectile        Hex/Tloc       44%        N/A       6%          3
 Spider Form              Tmut/Pois      22%        N/A       6%          3
 Tukima's Dance           Hex            22%        N/A       6%          3
 Freezing Cloud           Conj/Ice/Air   22%        6-21      11%         5
 Flame Wave               Conj/Fire      28%        2d9       14%         4
 Cause Fear               Hex            11%        N/A       22%         4
 Ice Form                 Ice/Tmut       22%        N/A       22%         4
 Olgreb's Toxic Radiance  Pois           22%        N/A       22%         4
 Summon Hydra             Summ           34%        N/A       30%         7
 Alistair's Intoxication  Tmut/Pois      14%        N/A       52%         5
 Blade Hands              Tmut           11%        N/A       52%         5
 Spellforged Servitor     Conj/Summ      27%        N/A       83%         7
 Eringya's Noxious Bog    Tmut/Pois      11%        N/A       97%         6
 Enfeeble                 Hex            11%        N/A       100%        7
 Borgnjor's Revivificati  Necr           52%        N/A       1%          8
 Necromutation            Tmut/Necr      38%        N/A       61%         8


Dungeon Overview and Level Annotations

Branches:
Dungeon (15/15)            Temple (1/1) D:6            Lair (5/5) D:10
  Swamp (4/4) Lair:3       Spider (4/4) Lair:2        Slime (0/5) Lair:5
    Orc (2/2) D:9             Elf (0/3) Orc:2        Vaults (4/5) D:13
  Crypt (0/3) Vaults:2     Depths (1/4) D:15          IceCv (visited)
Gauntlet (visited)

Altars:
Ashenzari
Cheibriados
Dithmenos
Elyvilon
Fedhas
Gozag
Hepliaklqana
Kikubaaqudgha
Makhleb
Nemelex Xobeh
Okawaru
Qazlal
Ru
Sif Muna
Trog
Uskayaw
Vehumet
Wu Jian
Xom
Yredelemnul
Zin
The Shining One
Jiyva

Shops:
D:13 !*?   Orc:2 ((![

Portals:
Trove: D:11 (show abyssal rune of Zot)

Annotations:
D:11 2 transporters
Lair:2 2 transporters
Lair:4 3 runed translucent doors, Aricsoirch's ghost, journeyman GrFi
Vaults:4 Sojobo


Innate Abilities, Weirdness & Mutations

You can breathe bolts of dispelling energy.
Your rich purple scales are hard. (AC +10)
You cannot fit into any form of body armour.
You are cold-blooded and may be slowed by cold attacks.


Message History

The bolt hits you!
* * * LOW HITPOINT WARNING * * *
Sojobo barks orders to her subordinates.
The air elemental hits you but does no damage.
Unknown command.
Unknown command.
Okay, then.
The zombie hands constrict the ironbound convoker!
The zombie hands constrict the stone giant!
You kill the stone giant!
Kikubaaqudgha accepts your kill.
Your death scarab bites the air elemental!
The air elemental hits your death scarab.
The air elemental hits you but does no damage.
Your death scarab barely misses the air elemental.
The ironbound convoker struggles to escape constriction.
The tengu reaver gestures at you while chanting.
The bolt of cold hits you!!
* * * LOW HITPOINT WARNING * * *
Sojobo barks orders to her subordinates.
The yaktaur shoots a bolt.
The bolt hits your wraith!
The yaktaur shoots a bolt.
The bolt hits you but does no damage.
The air elemental misses your death scarab.
The air elemental hits you.
* * * LOW HITPOINT WARNING * * *
Blink to where?
Press: ? - help, Dir - move target, p - ironbound convoker The zombie hands lose their grip on something.
As you read the scroll of blinking, it crumbles to dust.
The sentinel's mark upon you fades away.
The ice encasing you melts away.
Your death scarab misses the air elemental.
The air elemental fires a burst of electricity at you.
The stunning burst hits you!
You suddenly lose the ability to move!
* * * LOW HITPOINT WARNING * * *
The air elemental fires a burst of electricity at you.
The stunning burst misses your death scarab.
The stunning burst hits you!!
You die...
Kikubaaqudgha rasps: "You have failed me!
Welcome... death!"

#+####### #.......#
#.....).# #.......#
#.......# #.......#
#....p..#
################p#######
.......@...............'
................)......#
..................c....#
...#####...EB.Yc).c.c..#
## #...QQEE(W......#
#..Q)p.§pp.W....#
#.#######'#.....#
##.^.....#.....#
#.......#.....#


You could see Sojobo (repels missiles), a dire elephant (sheltered, slow), 2
tengu reavers, an ironbound frostheart, 3 air elementals and a friendly death
scarab.

Vanquished Creatures
  A caustic shrike (Depths:1)
  Nikola (Swamp:1)
  Asterion (Vaults:2)
  Jorgrun (Swamp:1)
  A walking divine tome (Depths:1)
  3 sphinxes
  A thorn hunter (Swamp:3)
  A fire giant (Depths:1)
  A fenstrider witch (Swamp:4)
  Donald (Orc:2)
  A frost giant (shapeshifter) (D:12)
  2 frost giants (Depths:1)
  Aizul (Lair:3)
  4 ghost moths
  An emperor scorpion (Spider:4)
  2 ghouls (Swamp:1)
  Louise (Swamp:1)
  A very ugly thing (Vaults:3)
  A stone giant (Vaults:4)
  6 ironbound preservers
  3 ironbound thunderhulks
  The ghost of mihai the Grappler, a journeyman TrFi of Hepliaklqana (Orc:2)
  A vampire knight (Depths:1)
  Nessos (D:13)
  3 eleionomae
  2 bunyips
  A minotaur (Gauntlet)
  7 dire elephants
  3 ettins
  Snorg (D:10)
  A blizzard demon (Depths:1)
  A merfolk javelineer (Depths:1)
  2 fire dragons (Depths:1)
  2 yaktaur captains
  An entropy weaver (Spider:2)
  3 spriggan air magi (Depths:1)
  An ice dragon (Depths:1)
  25 hydras
  3 ironbound frosthearts (Vaults:3)
  2 vault guards
  2 ghost crabs
  3 two-headed ogres
  A radroach (Spider:1)
  5 centaur warriors
  A catoblepas (Lair:5)
  7 boulder beetles
  6 alligators
  2 death scarabs (Spider:4)
  4 death yaks (Lair:3)
  2 tengu warriors
  Urug (D:13)
  6 orc high priests
  A sun demon (Depths:1)
  2 spriggan berserkers
  Sonja (D:13)
  A skyshark (Lair:5)
  A sixfirhy (Depths:1)
  4 goliath frogs
  6 pharaoh ants
  A spriggan rider (Swamp:4)
  2 spriggan druids
  A sun moth (Spider:2)
  4 bog bodies
  17 deep trolls
  4 steelbarb worms
  2 swamp dragons
  2 orb spiders
  5 lindwurms
  3 ironbound convokers
  A necromancer (Vaults:1)
  A harpy (Vaults:2)
  2 deep elf zephyrmancers (Orc:1)
  A wizard (Vaults:1)
  A wolf spider zombie (Spider:4)
  19 ugly things
  2 deep elf pyromancers
  9 orc knights
  7 wolf spiders
  An orc sorcerer (Orc:1)
  2 oklob plants
  5 manticores
  6 will-o-the-wisps
  A human zombie (Vaults:1)
  5 moths of wrath
  7 cyclopes
  Maurice (D:8)
  10 elephants
  A guardian serpent (Lair:5)
  10 black mambas (Lair:5)
  A torpor snail (Lair:2)
  An apocalypse crab (Gauntlet)
  6 vault sentinels
  3 ice statues (IceCv)
  5 gargoyles
  18 cane toads
  The ghost of SKOLLIE the Poker, a novice HuWn (D:5)
  The ghost of Zippel the Magician, a novice DrHW (D:6)
  6 rime drakes
  An unseen horror (D:12)
  Maggie (Lair:1)
  Psyche (D:8)
  2 efreet
  4 yaktaurs
  An ice devil (Depths:1)
  5 komodo dragons
  2 freezing wraiths
  13 trolls
  2 anaconda simulacra (IceCv)
  10 tarantellas
  9 hornets
  3 meliai (D:14)
  A spectral tarantella (Spider:4)
  A bloated husk (Swamp:3)
  A spectral culicivora (Spider:4)
  5 polar bears
  9 blink frogs (Lair:2)
  5 tyrant leeches
  A jumping spider zombie (Spider:4)
  8 jumping spiders
  4 shadows
  30 slime creatures
  A vampire (D:13)
  A ynoxinul (Depths:1)
  A dire elephant simulacrum (IceCv)
  A yak (shapeshifter) (D:15)
  7 spriggans
  A water elemental (Depths:1)
  16 humans (D:12)
  17 wyverns
  8 culicivoras
  6 wraiths
  29 yaks
  A basilisk (shapeshifter) (D:11)
  An elf zombie (Vaults:1)
  8 vampire mosquitoes
  A neqoxec (Depths:1)
  5 basilisks
  A steam dragon (D:6)
  A death yak simulacrum (IceCv)
  19 redbacks
  An acid dragon (D:10)
  2 wargs
  Edmund (D:5)
  15 swamp worms
  An ogre zombie (Vaults:1)
  21 water moccasins
  12 swamp drakes
  46 orc warriors
  2 boggarts (Vaults:3)
  3 black bears
  9 wolves
  7 ogres
  18 centaurs
  2 kobold brigands (D:7)
  9 bullfrogs
  7 scorpions
  A cane toad simulacrum (IceCv)
  14 wights
  11 howler monkeys
  2 electric eels
  A crimson imp (Orc:1)
  The ghost of Elyross the Ducker, a weakling FeBe of Trog (D:5)
  9 jellies
  2 hounds
  Crazy Yiuf (D:4)
  39 orc priests
  5 gnoll boudas (D:7)
  Ijyb (D:5)
  An iron imp (Orc:1)
  Terence (D:3)
  9 iguanas
  2 sleepcaps
  25 orc wizards
  2 polar bear simulacra (IceCv)
  A wolf simulacrum (IceCv)
  12 gnolls
  9 adders
  3 shadow imps
  4 white imps
  An ufetubus (D:7)
  5 dart slugs
  89 orcs
  9 endoplasms
  2 giant cockroaches
  10 hobgoblins
  8 jackals
  3 quokkas
  2 ball pythons
  9 bats
  7 frilled lizards
  5 goblins
  11 kobolds
  4 rats
1048 creatures vanquished.

Vanquished Creatures (collateral kills)
  Bai Suzhen (Swamp:3)
  Mlioglotl (Spider:3)
  3 sphinxes
  A thorn hunter (Swamp:3)
  A frost giant (Vaults:1)
  A deep elf sorcerer (Vaults:1)
  2 emperor scorpions
  7 vault wardens
  7 ironbound preservers
  4 broodmothers
  2 orc warlords
  A war gargoyle (Vaults:3)
  5 very ugly things
  An eleionoma (Swamp:3)
  2 ironbound thunderhulks (Vaults:3)
  4 dire elephants
  An ettin (Vaults:4)
  A shambling mangrove (Swamp:4)
  8 yaktaur captains
  6 entropy weavers
  4 great orbs of eyes
  4 vault guards
  14 hydras
  A peacekeeper (Vaults:3)
  3 radroaches
  3 jorogumos
  An ironbound frostheart (Vaults:2)
  4 centaur warriors
  4 boulder beetles (Spider:3)
  6 death scarabs (Spider:4)
  A spriggan berserker (Swamp:4)
  A spriggan (Swamp:3)
  A spectral emperor scorpion (Spider:4)
  6 pharaoh ants
  2 bog bodies (Swamp:4)
  15 deep trolls
  A sun moth (Spider:3)
  8 orb spiders
  6 swamp dragons
  A wizard (Vaults:1)
  A glowing orange brain (Vaults:2)
  5 steelbarb worms
  7 lindwurms
  2 necromancers
  9 ironbound convokers
  3 orc knights
  A broodmother zombie (Spider:4)
  2 will-o-the-wisps
  15 wolf spiders
  3 ugly things
  A frost giant skeleton (Vaults:1)
  10 vault sentinels
  4 demonic crawlers
  A spectral redback (Spider:4)
  4 torpor snails
  9 yaktaurs
  4 tyrant leeches
  15 tarantellas
  A jumping spider zombie (Spider:4)
  2 spectral culicivoras (Spider:4)
  2 spectral tarantellas (Spider:4)
  A hornet (Swamp:3)
  17 slime creatures
  A culicivora zombie (Spider:4)
  12 jumping spiders
  15 culicivoras
  22 redbacks
  2 swamp worms (Swamp:4)
  3 boggarts
319 creatures vanquished.

Vanquished Creatures (others)
  An ugly thing (Vaults:1)
  A yaktaur (Vaults:2)
  23 foxfires
25 creatures vanquished.

Grand Total: 1392 creatures vanquished

Notes
Turn   | Place    | Note
-------+----------+-------------------------------------------
     0 | D:1      | Kallu the Draconian Air Elementalist began the quest for
                  | the Orb.
     0 | D:1      | Reached XP level 1. HP: 14/14 MP: 3/3
   169 | D:1      | Reached XP level 2. HP: 14/20 MP: 0/5
   913 | D:1      | Reached XP level 3. HP: 26/26 MP: 3/6
  1415 | D:2      | Found a broken altar of Ashenzari.
  1608 | D:2      | Learned a level 3 spell: Swiftness
  1896 | D:2      | Reached XP level 4. HP: 33/33 MP: 3/8
  2183 | D:2      | Learned a level 4 spell: Airstrike
  2632 | D:3      | Noticed Terence
  2907 | D:3      | Killed Terence
  2908 | D:3      | Reached skill level 5 in Air Magic
  2908 | D:3      | Reached XP level 5. HP: 38/38 MP: 7/9
  3830 | D:4      | Reached XP level 6. HP: 45/45 MP: 3/10
  4198 | D:4      | Found a runed translucent door.
  4199 | D:4      | Noticed Crazy Yiuf
  4488 | D:4      | Killed Crazy Yiuf
  4604 | D:5      | Entered Level 5 of the Dungeon
  4745 | D:5      | Noticed Ijyb
  4756 | D:5      | Paralysed by Ijyb for 2 turns
  4768 | D:5      | Killed Ijyb
  4866 | D:5      | Your scales start taking on a rich purple colour.
  4866 | D:5      | Reached XP level 7. HP: 49/50 MP: 12/12
  4869 | D:5      | Found a runed translucent gate.
  4869 | D:5      | Found a runed translucent gate.
  4870 | D:5      | Found a runed translucent gate.
  4873 | D:5      | Noticed Elyross's ghost (weakling FeBe)
  4873 | D:5      | Noticed SKOLLIE's ghost (novice HuWn)
  5543 | D:5      | Noticed Edmund
  5579 | D:5      | Killed Edmund
  5954 | D:5      | Reached XP level 8. HP: 57/57 MP: 8/14
  6355 | D:6      | Reached skill level 5 in Spellcasting
  6355 | D:6      | Reached skill level 10 in Air Magic
  6699 | D:6      | Found a runed translucent door.
  6709 | D:6      | Noticed Zippel's ghost (novice DrHW)
  6716 | D:6      | Found a staircase to the Ecumenical Temple.
  6725 | D:6      | Reached skill level 1 in Fighting
  6753 | D:6      | Reached skill level 1 in Necromancy
  6940 | Temple   | Entered the Ecumenical Temple
  7215 | D:6      | Learned a level 3 spell: Vampiric Draining
  7658 | D:6      | Found a bloodstained altar of Trog.
  7673 | D:6      | Reached skill level 2 in Necromancy
  8108 | D:7      | Reached XP level 9. HP: 56/68 MP: 9/19
  8444 | D:7      | Reached skill level 3 in Necromancy
  9257 | D:7      | Reached skill level 4 in Necromancy
 10097 | D:8      | Identified the +5 glaive of Urril {heavy, rPois rC- Str+4
                  | Dex+2}
 10108 | D:8      | Noticed Psyche
 10114 | D:8      | Killed Psyche
 10115 | D:8      | Reached skill level 5 in Necromancy
 10583 | D:8      | Reached skill level 6 in Necromancy
 10583 | D:8      | Reached XP level 10. HP: 52/78 MP: 7/23
 10785 | D:8      | Noticed Maurice
 10793 | D:8      | Killed Maurice
 11128 | D:8      | Reached skill level 7 in Necromancy
 11494 | D:9      | Found an ancient bone altar of Kikubaaqudgha.
 11494 | D:9      | Found a hide-covered altar of Uskayaw.
 11499 | D:9      | Became a worshipper of Kikubaaqudgha
 11510 | D:9      | Noticed a two-headed ogre
 11516 | D:9      | Killed a two-headed ogre
 11517 | D:9      | Reached skill level 8 in Necromancy
 11783 | D:9      | Found a staircase to the Orcish Mines.
 12147 | D:9      | Reached skill level 9 in Necromancy
 13078 | D:10     | Entered Level 10 of the Dungeon
 13316 | D:10     | Identified the +3 ring mail "Kysya" {Harm Fly}
 13563 | D:10     | Reached XP level 11. HP: 81/84 MP: 10/24
 13642 | D:10     | Noticed an oklob plant
 13642 | D:10     | Noticed Snorg
 13661 | D:10     | Killed Snorg
 13662 | D:10     | Reached skill level 10 in Necromancy
 13841 | D:10     | Killed an oklob plant
 13965 | D:10     | Found a staircase to the Lair.
 14572 | D:10     | Reached skill level 5 in Dodging
 14843 | D:11     | Found a portal to a secret trove of treasure.
 14888 | D:11     | Reached skill level 10 in Spellcasting
 15008 | D:11     | Reached * piety under Kikubaaqudgha
 15008 | D:11     | Received a gift from Kikubaaqudgha
 15305 | D:11     | Found a transporter.
 15311 | D:11     | Found a viscous altar of Jiyva.
 15763 | D:11     | Reached skill level 11 in Necromancy
 15974 | D:11     | Found the +6 lightning scales {swift, rElec}
 16012 | D:11     | Found a transporter.
 16139 | Lair:1   | Entered Level 1 of the Lair of Beasts
 16139 | Lair:1   | Noticed Maggie
 16147 | Lair:1   | Killed Maggie
 17325 | Lair:2   | Noticed a four-headed hydra
 17514 | Lair:2   | Reached skill level 5 in Fighting
 17674 | Lair:2   | Noticed a five-headed hydra
 17686 | Lair:2   | Killed a five-headed hydra
 17687 | Lair:2   | Reached XP level 12. HP: 94/94 MP: 3/26
 17699 | Lair:2   | Reached skill level 12 in Necromancy
 17822 | Lair:2   | Killed a four-headed hydra
 18151 | Lair:2   | Learned a level 2 spell: Sublimation of Blood
 18176 | Lair:2   | Reached ** piety under Kikubaaqudgha
 18391 | Lair:2   | Reached skill level 13 in Necromancy
 18473 | Lair:2   | Found a hole to the Spider Nest.
 18573 | Lair:2   | Found a transporter.
 18577 | Lair:2   | Found a transporter.
 18577 | Lair:2   | Noticed a boulder beetle
 18643 | Lair:2   | Found a sacrificial altar of Ru.
 18824 | Lair:2   | Found an ornate altar of the Wu Jian Council.
 18961 | Lair:3   | Noticed a seven-headed hydra
 18967 | Lair:3   | Killed a seven-headed hydra
 19114 | Lair:3   | Noticed an eight-headed hydra
 19120 | Lair:3   | Killed an eight-headed hydra
 19245 | Lair:3   | Found a staircase to the Swamp.
 19900 | Lair:3   | Noticed a six-headed hydra
 19905 | Lair:3   | Killed a six-headed hydra
 19906 | Lair:3   | Reached skill level 14 in Necromancy
 20239 | Lair:3   | Noticed a death yak
 20245 | Lair:3   | Noticed a death yak
 20247 | Lair:3   | Killed a death yak
 20247 | Lair:3   | Noticed a death yak
 20249 | Lair:3   | Noticed a death yak
 20759 | Lair:3   | Killed a death yak
 21002 | Lair:3   | Killed a death yak
 21003 | Lair:3   | Reached XP level 13. HP: 100/100 MP: 6/30
 21552 | Lair:4   | Identified the staff of cold "Xoagy" {Fragile rElec rC+
                  | Will+ SInv}
 21850 | Lair:4   | Found a runed translucent gate.
 21850 | Lair:4   | Found a runed translucent gate.
 22431 | Lair:4   | Noticed an acid blob
 22432 | Lair:4   | Found a runed translucent gate.
 22471 | Lair:4   | Noticed an azure jelly
 22471 | Lair:4   | Noticed an acid blob
 22471 | Lair:4   | Noticed an azure jelly
 22472 | Lair:4   | Noticed an acid blob
 22472 | Lair:4   | Noticed an acid blob
 22472 | Lair:4   | Noticed Aricsoirch's ghost (journeyman GrFi)
 22472 | Lair:4   | Noticed an acid blob
 22472 | Lair:4   | Noticed an acid blob
 22472 | Lair:4   | Noticed an azure jelly
 22472 | Lair:4   | Noticed a rockslime
 22473 | Lair:4   | Noticed an acid blob
 22634 | Lair:4   | Found a basalt altar of Yredelemnul.
 23115 | Lair:4   | Found a viscous altar of Jiyva.
 23115 | Lair:4   | Found the +16 obsidian axe {drain, demonic, Mesm Drain Fly
                  | SInv}
 23130 | Lair:5   | Entered Level 5 of the Lair of Beasts
 23155 | Lair:4   | Reached *** piety under Kikubaaqudgha
 23155 | Lair:4   | Received a gift from Kikubaaqudgha
 23171 | Lair:4   | Reached skill level 15 in Spellcasting
 23257 | Lair:5   | Found a gate leading to a gauntlet.
 23264 | Gauntlet | Entered a Gauntlet
 23264 | Gauntlet | Found a transporter.
 23266 | Gauntlet | Noticed a green death
 23387 | Gauntlet | Found a transporter.
 23399 | Gauntlet | Found a transporter.
 23403 | Gauntlet | Found a transporter.
 23415 | Gauntlet | Found a transporter.
 23435 | Gauntlet | Found a transporter.
 23436 | Gauntlet | Found the +3 pair of gauntlets of War {Slay+5}
 23448 | Gauntlet | Found a transporter.
 23468 | Gauntlet | Found a transporter.
 23472 | Gauntlet | Found a transporter.
 23474 | Gauntlet | Found a runed translucent door.
 23477 | Gauntlet | Found a runed translucent door.
 23481 | Gauntlet | Found a transporter.
 23499 | Gauntlet | Found a transporter.
 23503 | Gauntlet | Found a transporter.
 23676 | Gauntlet | Identified the staff of poison "Qeishoir" {rElec rPois rC+
                  | rN++ rCorr Str-5 Int-5}
 23717 | Gauntlet | Got the Handbook of Company
 23780 | Gauntlet | Identified the ring "Nirohuim" {Fly rPois Will- Str+6
                  | Slay+5}
 23780 | Gauntlet | Noticed a minotaur
 23795 | Gauntlet | Killed a minotaur
 24273 | Lair:5   | Learned a level 5 spell: Borgnjor's Vile Clutch
 24369 | Lair:5   | Reached skill level 1 in Evocations
 24407 | Lair:5   | Found a staircase to the Slime Pits.
 24452 | Lair:5   | Reached skill level 1 in Staves
 24518 | Lair:5   | Reached skill level 1 in Earth Magic
 24522 | Lair:5   | Reached **** piety under Kikubaaqudgha
 25183 | Lair:5   | Identified the +3 quarterstaff "Fuvuadimp" {heavy, rN+
                  | SInv}
 25973 | Lair:5   | Reached XP level 14. HP: 110/110 MP: 11/34
 26819 | Lair:5   | Identified the +10 bardiche "Baxaload" {elec, Int+3 SInv}
 27264 | Lair:5   | Reached skill level 1 in Polearms
 27742 | D:5      | Killed Elyross's ghost
 27747 | D:5      | Killed SKOLLIE's ghost
 27901 | D:6      | Killed Zippel's ghost
 28517 | D:12     | Identified the +1 robe "Deaguod" {-Tele +Inv Will+ Dex+2}
 28765 | D:12     | Reached ***** piety under Kikubaaqudgha
 29080 | D:12     | Learned a level 2 spell: Passwall
 29395 | D:12     | Noticed a frost giant
 29405 | D:12     | Killed a frost giant
 29406 | D:12     | Reached skill level 5 in Polearms
 29561 | D:13     | Found Eret Gogoth's Distillery.
 29561 | D:13     | Found Pudd's Assorted Antiques.
 29561 | D:13     | Found Pelih's Magic Scroll Boutique.
 29563 | D:13     | Bought a potion of heal wounds for 90 gold pieces
 29563 | D:13     | Bought a potion of heal wounds for 90 gold pieces
 29563 | D:13     | Bought a potion of attraction for 54 gold pieces
 29563 | D:13     | Bought a potion of degeneration for 18 gold pieces
 29604 | D:13     | Noticed Nessos
 29604 | D:13     | Noticed Urug
 29604 | D:13     | Found a gate to the Vaults.
 29972 | D:13     | Killed Nessos
 29973 | D:13     | Reached skill level 15 in Necromancy
 30055 | D:13     | Killed Urug
 30222 | D:13     | Reached skill level 5 in Earth Magic
 30259 | D:13     | You fall into a shaft and drop 2 floors!
 30259 | D:15     | Entered Level 15 of the Dungeon
 30483 | D:13     | Noticed Sonja
 30486 | D:13     | Killed Sonja
 31130 | D:14     | Reached XP level 15. HP: 115/121 MP: 35/35
 31544 | D:14     | Found an ornate altar of the Wu Jian Council.
 32024 | D:15     | Reached skill level 1 in Summonings
 32559 | D:15     | Found a staircase to the Depths.
 33028 | Orc:1    | Entered Level 1 of the Orcish Mines
 33360 | Orc:1    | Reached ****** piety under Kikubaaqudgha
 33362 | Orc:1    | Received a gift from Kikubaaqudgha
 33651 | Orc:1    | Identified the +3 hat of Subjectivity {Slay+3}
 33801 | Orc:2    | Entered Level 2 of the Orcish Mines
 33801 | Orc:2    | Found a runed translucent door.
 33848 | Orc:2    | Noticed mihai's ghost (journeyman TrFi)
 33969 | Orc:2    | Found a frozen archway.
 33980 | IceCv    | Entered an ice cave
 34367 | IceCv    | Identified the +2 morningstar of Terra Nullius {freeze,
                  | rPois}
 34433 | Orc:2    | Noticed Donald
 34443 | Orc:2    | Killed Donald
 34444 | Orc:2    | Reached skill level 10 in Polearms
 34472 | Orc:2    | Found a staircase to the Elven Halls.
 35027 | Orc:2    | Learned a level 7 spell: Haunt
 35096 | Orc:2    | Found Qaifeas's Weapon Shop.
 35097 | Orc:2    | Found Qutoihew's Distillery.
 35097 | Orc:2    | Found Meempurup's Antique Weapon Boutique.
 35098 | Orc:2    | Found Hirinoh's Antique Armour Shop.
 35105 | Orc:2    | Bought a potion of haste for 110 gold pieces
 35389 | Orc:2    | Killed mihai's ghost
 35942 | Depths:1 | Entered Level 1 of the Depths
 35953 | Depths:1 | Noticed a frost giant
 36742 | Depths:1 | Killed a frost giant
 36743 | Depths:1 | Reached XP level 16. HP: 112/128 MP: 17/36
 36818 | Depths:1 | Reached skill level 16 in Necromancy
 36964 | Depths:1 | Noticed a sphinx
 36966 | Depths:1 | Noticed a caustic shrike
 36973 | Depths:1 | Killed a sphinx
 37359 | Depths:1 | Killed a caustic shrike
 37360 | Depths:1 | Reached skill level 5 in Summonings
 37853 | Depths:1 | Identified the +2 helmet of the Spider Nest {rPois Str+5}
 37959 | Depths:1 | Noticed a walking divine tome
 37973 | Depths:1 | Killed a walking divine tome
 38110 | Depths:1 | Noticed a golden dragon
 38436 | Swamp:1  | Entered Level 1 of the Swamp
 38436 | Swamp:1  | Noticed Louise
 38565 | Swamp:1  | Killed Louise
 38609 | Swamp:1  | Noticed Aizul
 38622 | Lair:3   | Killed Aizul
 38950 | Swamp:1  | Noticed Jorgrun
 39138 | Swamp:1  | Killed Jorgrun
 39154 | Swamp:1  | Noticed Nikola
 39157 | Swamp:1  | Learned a level 8 spell: Infestation
 39167 | Swamp:1  | Killed Nikola
 40252 | Swamp:2  | Reached skill level 17 in Necromancy
 40404 | Swamp:2  | Reached skill level 10 in Summonings
 40707 | Swamp:2  | You are sucked into a shaft and drop 1 floor!
 41081 | Swamp:3  | Reached XP level 17. HP: 101/134 MP: 1/37
 41092 | Swamp:3  | Noticed Bai Suzhen
 41105 | Swamp:3  | Killed Bai Suzhen
 41273 | Swamp:3  | Identified the +7 morningstar of Sin {drain, rF+ rN++ SInv
                  | Stlth+}
 41292 | Swamp:3  | Reached skill level 18 in Necromancy
 41554 | Swamp:3  | Identified the +8 great sword "Thing" {drain, Contam rC++}
 41663 | Swamp:3  | Identified the +2 robe "Vuug Compu" {-Cast +Blink rPois}
 41952 | Swamp:4  | Entered Level 4 of the Swamp
 42405 | Swamp:4  | Reached skill level 19 in Necromancy
 42415 | Swamp:4  | Got a decaying rune of Zot
 43202 | Spider:1 | Entered Level 1 of the Spider Nest
 43642 | Spider:1 | Reached skill level 20 in Necromancy
 44917 | Spider:3 | Reached XP level 18. HP: 141/141 MP: 22/38
 44960 | Spider:3 | Reached skill level 21 in Necromancy
 45218 | Spider:3 | Noticed Mlioglotl
 45221 | Spider:3 | Killed Mlioglotl
 45237 | Spider:3 | Identified the +1 robe of Elitism {+Inv}
 45681 | Spider:3 | Reached skill level 22 in Necromancy
 45780 | Spider:3 | Identified the +8 dire flail of the Gibberer {freeze,
                  | Will+++ MP+9 Str-4 Int+3}
 46189 | Spider:4 | Entered Level 4 of the Spider Nest
 47027 | Spider:4 | Reached skill level 23 in Necromancy
 47129 | Spider:4 | Got a gossamer rune of Zot
 47605 | Vaults:1 | Entered Level 1 of the Vaults
 47831 | Vaults:1 | Identified the ring of Megalomania {rCorr Str+6 Slay+2}
 47982 | Vaults:1 | Reached XP level 19. HP: 147/147 MP: 8/39
 49587 | Vaults:2 | Reached skill level 24 in Necromancy
 50144 | Vaults:2 | Found a staircase to the Crypt.
 50144 | Vaults:2 | Found an ancient bone altar of Kikubaaqudgha.
 50144 | Vaults:2 | Found a basalt altar of Yredelemnul.
 51224 | Vaults:2 | Noticed Asterion
 51232 | Vaults:2 | Killed Asterion
 51325 | Vaults:3 | Reached skill level 10 in Dodging
 51527 | Vaults:3 | Got the Folio of Shapes and Destruction
 51538 | Vaults:3 | Learned a level 9 spell: Death's Door
 51779 | Vaults:3 | Reached XP level 20. HP: 149/155 MP: 21/40
 51790 | Vaults:3 | Reached skill level 25 in Necromancy
 53160 | Vaults:4 | Got the Opusculum on the Spider and Anthracomancy
 53250 | Vaults:4 | Noticed Sojobo
 53256 | Vaults:4 | Paralysed by an air elemental for 1 turns
 53256 | Vaults:4 | Killed from afar by an air elemental

Illustrated notes

Levels and vault maps discovered:
D:1:      dpeg_arrival_short_road, layout_basic, moated_statue,
          chequers_serial_rivers_marsh, minmay_tiny_reverse_x
D:2:      layout_basic, basic_altar, due_unseen_surprise
D:3:      layout_loops_ring, uniq_terence
D:4:      layout_rooms, serial_rivers, chequers_serial_rivers_room_b,
          chequers_serial_rivers_small_b, chequers_serial_rivers_room_a,
          chequers_serial_rivers_micro_b, chequers_serial_rivers_large_a,
          chequers_serial_rivers_marsh, minmay_misc_feat_cross,
          chequers_serial_rivers_micro_d, uniq_crazy_yiuf_cottage
D:5:      layout_loops_ring, gammafunk_ghost_cemetery, uniq_edmund, uniq_ijyb
D:6:      layout_basic, trog_hazing_becter, minmay_temple_entry_junction_2,
          ebering_ghost_sewer_d, bh_walls_and_bars
D:7:      kennysheep_seaside_town, layout_basic
D:8:      layout_gridville, uniq_psyche, uniq_maurice
D:9:      layout_stronghold, jmf_multi_god_temple, david_orc_4,
          serial_column_ruins, column_ruins_open_tiny, column_ruins_grid_3,
          column_ruins_open_tiny, column_ruins_corridor_corner,
          column_ruins_grid_3
D:10:     layout_cave_pools, dpeg_oklobed_lair, serial_glass, glass_columns_a,
          glass_columns_a, item_on_display_a, minmay_strange_pillars,
          due_unseen_surprise, uniq_snorg
D:11:     gammafunk_jiyva_shrine, layout_stronghold, enter_trove_1
D:12:     minmay_the_grid_3x2 [minmay_the_grid_mess,
          minmay_the_grid_aliased_spiral, minmay_the_grid_small_cups,
          minmay_the_grid_medium_cups, minmay_the_grid_minigrid_small_alt,
          minmay_the_grid_prize_big_room], layout_loops_ring, minmay_liquid_box
D:13:     layout_cave_pools, david_vaults_3, hangedman_decor_push,
          nicolae_shop_distant_corner_stores, uniq_sonja
D:14:     layout_rooms, hangedman_decor_opposing, nzn_wu_jian_contemplation
D:15:     hangedman_depths_entry_try_elsewhere_first, layout_cave_pools,
          serial_glass, glass_columns_a, glass_columns_b
Temple:   compressed_dpeg_triangle_lava_temple
Lair:1:   layout_hall_layers, st_stairs_12, uniq_maggie
Lair:2:   gammafunk_boulding_lane, layout_hall_layers,
          spider_nest_entry_web_field, basic_altar, lemuel_centaur_altar
Lair:3:   layout_hall_layers, swamp_mist, serial_bayou_shore_b
Lair:4:   layout_roguey, gammafunk_ghost_ooze, basic_altar,
          infiniplex_staircase_pool_2, serial_bayou_shore_a, grunt_megastairs_4
Lair:5:   hangedman_lair_in_review, layout_layer_cave,
          hangedman_lair_tendril_chambers, nicolae_slime_entry_slimehenge,
          gauntlet_entry_generic
Swamp:1:  layout_basic_swamp, evilmike_swamp_ruin_house_5, uniq_nikola,
          uniq_jorgrun, uniq_aizul, uniq_louise
Swamp:2:  layout_basic_swamp, serial_swamp_ruin, hangedman_swamp_ruin_hall,
          evilmike_swamp_ruin_house_4
Swamp:3:  layout_basic_swamp, nicolae_swamp_feature_on_the_river_bank,
          swamp_pool5, st_swamp_ruins_2, uniq_bai_suzhen
Swamp:4:  swamp_basic_johnstein, layout_basic_swamp
Spider:1: layout_spider_delve, hangedman_spider_tarantella_strand
Spider:2: layout_spider_delve, nicolae_spider_circle_web
Spider:3: layout_spider_delve, hangedman_stitches_earthworm,
          nicolae_spider_cling_halls, uniq_mlioglotl
Spider:4: floodkiller_spider_rune_tomb
Orc:1:    layout_diamond_mine, hangedman_minor_magic
Orc:2:    st_orc_pillars, layout_caves, portal_ice_cave_entry_pillars_1,
          hellmonk_ghost_happy_afterlife, uniq_donald
Vaults:1: nicolae_vaults_wrenched, nicolae_vaults_offset_grid_hallway_2,
          nicolae_vaults_variable_pillar_hall, hangedman_vaults_nails,
          nicolae_vaults_tetromino_T_1, grunt_vaults_funnel,
          vaults_room_hangedman_quadrants, nicolae_vaults_trapezoid_lopsided_1,
          layout_vaults_omnigrid
Vaults:2: nicolae_vaults_an_arrangement, nicolae_vaults_sightless_eye,
          nicolae_vaults_network_s, nicolae_vaults_apartment_2, v_rooms_5,
          vaults_mumra_minichess, v_misc_16, nicolae_vaults_more_shelving_2,
          nicolae_vaults_trapezoid_lopsided_3, nicolae_vaults_closet_pinwheel_4,
          layout_vaults_ring, minmay_crypt_entry_necro_gods, uniq_asterion
Vaults:3: nicolae_vaults_meiosis, hangedman_vaults_unwind, v_misc_13,
          hangedman_vaults_stitches, hangedman_vaults_corner,
          nicolae_vaults_shipping_containers_4, nicolae_vaults_diamond_2,
          hangedman_vaults_restitches, nicolae_vaults_tetromino_L_1,
          nicolae_vaults_diamond_2, v_rooms_6, layout_vaults_omnibox
Vaults:4: nicolae_vaults_lopsided_apartments, ontoclasm_vaults_claustrophobia,
          nicolae_vaults_sealed_display, nicolae_vaults_theta,
          grunt_vaults_hallway_long, vaults_room_grunt_arrival_ludios,
          nicolae_vaults_oval_intersection, nicolae_vaults_door_testing_chamber,
          ontoclasm_vaults_eye, layout_vaults_big_room, serial_shops, shop,
          uniq_sojobo
Depths:1: layout_forbidden_donut, chequers_serial_rivers_micro_d,
          grunt_hell_entry_demonic_statue, minmay_multi_spiral

Skill      XL: |  1  2  3  4  5  6  7  8  9 10 11 12 13 14 15 16 17 18 19 20 |
---------------+-------------------------------------------------------------+-----
Air Magic      | 4 5 6 7 9 10 | 10.3
Spellcasting   | 3 4 6 9 10 13 16 | 16.0
Fighting       | 2 4 5 6 8 |  8.0
Necromancy     | 2 6 9 11 14 15 17 20 23 24 25 | 25.4
Conjurations   | 2 |  2.0
Dodging        | 3 6 10 11 | 11.8
Evocations     | 3 4 |  4.0
Staves         | 3 |  3.3
Earth Magic    | 2 5 7 |  7.0
Polearms       | 7 10 11 | 11.1
Summonings     | 4 10 | 10.0
Stealth        | |  1.7

Action                     |  1- 3 |  4- 6 |  7- 9 | 10-12 | 13-15 | 16-18 | 19-21 || total
---------------------------+-------+-------+-------+-------+-------+-------+-------++-------
  Melee: Unarmed           |    38 |       |       |       |       |       |       ||    38
         Tailslap          |     5 |    17 |    19 |    45 |    84 |    22 |    14 ||   206
         Spear             |       |    73 |   164 |   260 |   127 |       |       ||   624
         Short sword       |       |     1 |       |       |       |       |       ||     1
         Punch             |       |       |     3 |     4 |     9 |       |       ||    16
         Staff             |       |       |       |       |    83 |       |       ||    83
         Bardiche          |       |       |       |       |   303 |   184 |   148 ||   635
  Throw: Dart              |       |     7 |     1 |     6 |     3 |       |       ||    17
   Cast: Shock             |    87 |    74 |    82 |   118 |     4 |       |       ||   365
         Swiftness         |       |     5 |     4 |     7 |     8 |     1 |       ||    25
         Airstrike         |       |     2 |    66 |   225 |   457 |   307 |    17 ||  1074
         Vampiric Draining |       |       |    10 |    42 |   166 |    36 |     7 ||   261
         Sublimation of Bl |       |       |       |     1 |    31 |    15 |     2 ||    49
         Borgnjor's Vile C |       |       |       |       |   115 |   141 |    58 ||   314
         Infestation       |       |       |       |       |       |    90 |    56 ||   146
         Haunt             |       |       |       |       |       |    24 |    43 ||    67
 Invoke: Receive Forbidden |       |       |       |       |     1 |       |       ||     1
Ability: Breathe Dispellin |       |       |     3 |     2 |     5 |     1 |       ||    11
  Evoke: Wand              |       |     4 |       |     7 |    10 |     4 |       ||    25
         Lightning rod     |       |       |       |       |     9 |       |       ||     9
         Condenser vane    |       |       |       |       |     1 |       |       ||     1
    Use: Scroll            |       |       |     1 |    14 |    25 |     8 |     2 ||    50
         Potion            |       |       |       |       |     1 |     2 |     2 ||     5
   Stab: Sleeping          |       |     2 |     5 |       |     5 |       |     1 ||    13
         Distracted        |       |       |       |       |     1 |     2 |     3 ||     6
 Armour: Skin              |    14 |    26 |    62 |    76 |   367 |   152 |    67 ||   764
  Dodge: Dodged            |    46 |    47 |   118 |   387 |  1033 |   196 |    78 ||  1905
